 Dungeon Crawl Stone Soup version 0.30.0-15-g856e2d3f33 (webtiles) character file.

Game seed: 12787601194068804685

2 monsoonserge the Caller (level 1, 0/14 HPs)
             Began as a Meteoran Summoner on May 19, 2023.
             Slain by a jackal (1 damage)
             ... on level 1 of the Dungeon.
             The game lasted 00:00:58 (92 turns).

monsoonserge the Caller (Meteoran Summoner)           Turns: 92, Time: 00:00:59

Health: 0/14       AC:  3    Str:  9    XL:     1   Next: 42%
Magic:  4/5        EV: 12    Int: 16    God:
Gold:   12         SH:  0    Dex: 14    Spells: 4/5 levels left

rFire   . . .        g - +0 whip
rCold   . . .        (no shield)
rNeg    . . .        d - +0 leather armour
rPois   .            (no helmet)
rElec   .            (no cloak)
rCorr   .            (no gloves)
SInv    .            (no boots)
Will    .....        (no amulet)
Stlth   +            (no ring)
HPRegen 0.22/turn    (no ring)
MPRegen 0.09/turn

%: no passive effects
@: glowing
A: sense surroundings 1, otherworldly, glowing, explore regen
a: no special abilities


You were on level 1 of the Dungeon.
You visited 1 branch of the dungeon, and saw 1 of its levels.

You collected 12 gold pieces.

Inventory:

Hand Weapons
 g - a +0 whip (weapon)
Armour
 a - a +0 robe
 d - a +0 leather armour (worn)
 e - a +0 ring mail
Scrolls
 c - a scroll of poison {unknown}
 f - a scroll of identify {unknown}
Potions
 b - a potion of magic


   Skills:
 * Level 0.2 Armour
 + Level 2.4 Dodging
 + Level 1.4 Stealth
 + Level 2.6 Spellcasting
 + Level 4.9 Summonings


You had 4 spell levels left.
You knew the following spells:

 Your Spells              Type           Power      Damage    Failure   Level
a - Summon Small Mammal   Summ           68%        N/A       3%          1

Your spell library contained the following spells:

 Spells                   Type           Power      Damage    Failure   Level
 Call Imp                 Summ           34%        N/A       5%          2
 Call Canine Familiar     Summ           17%        N/A       11%         3
 Summon Guardian Golem    Hex/Summ       10%        N/A       30%         3
 Summon Lightning Spire   Summ/Air       10%        N/A       69%         4


Dungeon Overview and Level Annotations

Branches:
Dungeon (1/15) Zot: 506

Altars:


Innate Abilities, Weirdness & Mutations

You passively map a small area around you.
You are easily found by Zot.
You glow in the dark.
You regain HP and MP as you explore.


Message History

You hit the jackal but do no damage. Your punch misses the jackal.
Your bat closely misses the jackal. x2; The jackal closely misses you.
Your quokka misses the jackal. You hit the jackal but do no damage.
Your bat disappears in a puff of smoke!
The jackal bites you.
The giant cockroach bites you but does no damage.
Your quokka barely misses the jackal.
The jackal bites you. The giant cockroach closely misses you.
You closely miss the jackal.
The jackal bites your quokka but does no damage.
Your quokka misses the jackal. The giant cockroach bites you.
You hit the jackal but do no damage. The jackal bites you.
Your quokka bites the jackal.
The giant cockroach closely misses you. The jackal bites your quokka.
The jackal bites you.
* * * LOW HITPOINT WARNING * * *
Your quokka misses the jackal.
Unknown command.
You closely miss the jackal.
The jackal is severely wounded.
The giant cockroach misses you. The jackal bites your quokka.
The jackal bites you.
* * * LOW HITPOINT WARNING * * *
Your quokka bites the jackal.
The giant cockroach bites you but does no damage.
The jackal misses your quokka.
The jackal bites you but does no damage.
You hit the jackal but do no damage.
The jackal is severely wounded.
Your quokka closely misses the jackal.
The jackal bites your quokka. The jackal bites you.
* * * LOW HITPOINT WARNING * * *
The giant cockroach bites you.
* * * LOW HITPOINT WARNING * * *
You hit the jackal.
The jackal is almost dead.
Your quokka bites the jackal.
The jackal dies!
The jackal bites you.
You die...

, , , , * , * .#
#.# #. , .... ...
.... , *
>#.#.#.#.# #.#.# *
* ................
,
*.#.#.#.#.#.#.#.#,
, ,..........S....
* ** *
#.#.#.#.#h#†#.#.#
* .......B@r.....#
* #.#.#.#(#.#.#.#
*#......# # * * *
* * #......# * ,
#......#.# *
#......#.#, , **
,, * #......#.# *
.##..,
#......#.#,#.#
#.#... , ,
#........# #.#
##.#....


You could see a jackal, a giant cockroach, a ball python and a friendly quokka
(summoned).

Vanquished Creatures (collateral kills)
  A giant cockroach (D:1)
  A jackal (D:1)
  A kobold (D:1)
3 creatures vanquished.

Notes
Turn   | Place    | Note
-------+----------+-------------------------------------------
     0 | D:1      | monsoonserge the Meteoran Summoner began the quest for the
                  | Orb.
     0 | D:1      | Reached XP level 1. HP: 14/14 MP: 5/5
    92 | D:1      | Slain by a jackal

Illustrated notes

Levels and vault maps discovered:
D:1:      spicycebolla_arrival_risky_transporter, layout_basic, nrook_uturn,
          st_stairs_11, chequers_jeans

Action                     || total
---------------------------++-------
  Melee: Unarmed           ||    12
         Whip              ||     7
   Cast: Summon Small Mamm ||     3
 Armour: Leather armour    ||     8
  Dodge: Dodged            ||    14
